AoeStats
← Hector

Nomad

509690435Analyzed
4v4 RM · 4d ago on Sep 27, 2026· 35m 58s· 8 players
Game mode
Random Map
Map size
231×231
Population
200
Speed
Normal
Resources
Standard
Victory
Conquest
Starting age
Dark Age
Ending age
Imperial Age
RankedLock teamsTeams togetherTeam positionsShared explorationLock speedFull tech treeHidden civsTurbo modeCheats
Victory
Defeat
🇦🇹 Varangians · Austria
1470
+11
🇨🇳 Burmese · China
1431
+13
🇻🇳 Poles · Vietnam
1399
+14
🇦🇹 Berbers · Austria
1394
+14
🇲🇽 Vietnamese · Mexico
1424
-15
🇨🇴 Saxons · Colombia
1393
-14
🇺🇸 Armenians · United States
1326
-12
🇲🇽 Byzantines · Mexico
1303
-11
mca_018
4:55 Loom
12:53 Feudal Age
17:37 Castle Age
16:01 Fletching
16:10 Double-Bit Axe
18:35 Bodkin Arrow
19:16 Horse Collar
22:54 Town Watch
28:31 Scale Mail Armor
28:56 Forging
29:15 Squires
35:25 Imperial Age
33:31 Bow Saw
34:33 Ballistics
I KHAN DO IT
4:53 Loom
13:33 Feudal Age
14:17 Double-Bit Axe
18:14 Castle Age
16:41 Stone Mining
16:45 Gold Mining
21:35 Fletching
22:55 Bow Saw
25:53 Bodkin Arrow
26:52 Horse Collar
27:56 Padded Archer Armor
29:53 Leather Archer Armor
30:50 Wheelbarrow
30:07 Town Watch
36:54 Imperial Age
MAXIMO MERIDIO
4:29 Loom
14:53 Feudal Age
19:22 Castle Age
18:21 Double-Bit Axe
20:29 Bow Saw
30:46 Horse Collar
35:40 Imperial Age
34:23 Ballistics
HK | Jai Guru Deva
9:40 Loom
12:04 Feudal Age
16:24 Double-Bit Axe
21:22 Castle Age
19:04 Horse Collar
22:14 Bow Saw
31:08 Pikeman
31:49 Squires
31:34 Gambesons
31:35 Arson
DeadlyEfficiency
13:02 Feudal Age
15:46 Forging
15:54 Loom
19:40 Castle Age
17:54 Forging
20:35 Medium Warships
20:16 Fletching
21:11 Town Watch
25:48 Fletching
28:40 Double-Bit Axe
29:11 Bodkin Arrow
31:45 Horse Collar
33:23 Scale Barding Armor
33:34 Gold Mining
34:33 Wheelbarrow
36:40 Bow Saw
小刀
6:11 Loom
13:20 Feudal Age
17:51 Castle Age
16:12 Gold Mining
20:03 Sanctity
21:31 Redemption
25:33 Horse Collar
33:51 Wheelbarrow
36:54 Imperial Age
35:53 Gold Shaft Mining
35:09 Stone Mining
36:31 Bloodlines
36:22 Husbandry
36:28 Scale Barding Armor
thanh7531
2:47 Loom
13:32 Feudal Age
16:35 Forging
20:31 Castle Age
20:44 Scale Barding Armor
20:51 Bloodlines
21:59 Wheelbarrow
21:43 Town Watch
22:10 Husbandry
21:33 Light Cavalry
26:22 Szlachta Privileges
27:30 Gold Mining
33:52 Chain Barding Armor
33:41 Horse Collar
Hector
8:50 Loom
14:30 Feudal Age
18:50 Castle Age
21:38 Fletching
25:16 Double-Bit Axe
25:11 Horse Collar
25:54 Bodkin Arrow
34:38 Imperial Age
32:24 Gold Mining
33:57 Wheelbarrow
33:26 Padded Archer Armor
35:39 Wheelbarrow
35:26 Bracer
35:48 Bow Saw
37:11 Chemistry
36:35 Ballistics
Connection lost

Rejoining the realm…

Still unreachable

The connection could not be restored.

Session expired

The server has moved on; the page needs a fresh start.